 Dungeon Crawl Stone Soup version 0.20.1-1-g8b1a95d (webtiles) character file.

94350 equalderp2856 the Severer (level 15, -2/134 HPs)
             Began as a Minotaur Fighter on Aug 8, 2017.
             Slain by an alligator (16 damage)
             ... on level 2 of the Swamp.
             The game lasted 01:46:22 (39685 turns).

equalderp2856 the Severer (Minotaur Fighter)       Turns: 39685, Time: 01:46:23

Health: -2/134     AC: 23    Str: 22    XL:     15   Next: 63%
Magic:  20/20      EV:  9    Int:  6    God:
Gold:   1642       SH: 21    Dex: 13    Spells: 15/22 levels left

rFire    . . .     SeeInvis .   a - +1 war axe
rCold    . . .     Gourm    .   p - +3 shield
rNeg     + . .     Faith    .   O - +0 plate armour
rPois    +         Spirit   .   (helmet restricted)
rElec    .         Reflect  +   R - +2 ratskin cloak {+Rats rPois rN+ Str-1 Int-1 Dex+1}
rCorr    +         Harm     .   w - +0 pair of gloves
MR       +....                  t - +0 pair of boots
Stlth    ..........             W - +3 amulet of reflection
Regen    0.4/turn               r - ring of resist corrosion
MPRegen  0.2/turn               D - ring of poison resistance

@: no status effects
A: retaliatory headbutt, horns 2
a: Evoke Ratskin


You were on level 2 of the Swamp.
You were not hungry.

You visited 3 branches of the dungeon, and saw 23 of its levels.

You collected 1642 gold pieces.

Inventory:

Hand Weapons
 a - a +1 war axe (weapon)
 K - a +0 hand crossbow
 Z - a +0 trident
Armour
 c - a +0 robe
 d - a cursed +0 robe
 n - the +3 cloak "Xexunko" {-Cast rPois rF++ Int+3}
   (You found it on level 1 of the Lair of Beasts)

   It affects your intelligence (+3).
   It greatly protects you from fire.
   It protects you from poison.
   It prevents spellcasting.
 p - a +3 shield (worn)
 t - a +0 pair of boots (worn)
 w - a +0 pair of gloves (worn)
 F - a scarf of cloud immunity
 O - a +0 plate armour (worn)
 R - the +2 ratskin cloak (worn) {+Rats rPois rN+ Str-1 Int-1 Dex+1}
   (You found it on level 10 of the Dungeon)

   It affects your strength (-1).
   It affects your intelligence (-1).
   It affects your dexterity (+1).
   It protects you from poison.
   It protects you from negative energy.
Jewellery
 b - an uncursed amulet of magic regeneration
 r - a ring of resist corrosion (left hand)
 v - an uncursed ring of positive energy
 D - a ring of poison resistance (right hand)
 N - an uncursed amulet of regeneration
 W - a +3 amulet of reflection (around neck)
Wands
 g - a wand of iceblast (2/15)
 u - a wand of digging (15/24)
 H - a wand of iceblast (7/15)
 L - a wand of paralysis (9/24)
 T - a wand of digging (13/24)
 Y - a wand of disintegration (19/24)
Scrolls
 i - 7 scrolls of identify
 k - 4 scrolls of recharging
 m - 2 scrolls of fog
 o - a scroll of summoning {unknown}
 s - a scroll of holy word
 y - 2 scrolls of fear
 J - 7 scrolls of remove curse
 S - a scroll of enchant weapon
 V - 4 scrolls of teleportation
 X - a scroll of blinking
Potions
 e - 6 potions of heal wounds
 h - 6 potions of agility
 j - 3 potions of invisibility
 z - 2 potions of brilliance
 A - 2 potions of lignification
 C - 3 potions of flight
 E - 2 potions of berserk rage
 G - 7 potions of ambrosia
 M - 3 potions of curing
 P - 3 potions of haste
 Q - 2 potions of might
Comestibles
 f - 13 bread rations
 l - 12 fruits
 q - 2 chunks of flesh
 x - 16 meat rations


   Skills:
 + Level 12.9 Fighting
 + Level 16.9(17.2) Axes
 + Level 6.1(12.7) Polearms
 + Level 13.7 Armour
 + Level 5.0 Dodging
 + Level 3.0 Stealth
 + Level 16.6 Shields
 - Level 4.3 Spellcasting
 - Level 4.2 Hexes
 + Level 1.5 Evocations


You had 15 spell levels left.
You knew the following spells:

 Your Spells              Type           Power        Failure   Level  Hunger
a - Confusing Touch       Hex            #.....       52%         1    ##.....
b - Summon Small Mammal   Summ           #...         97%         1    ##.....
c - Corona                Hex            #......      52%         1    ##.....
d - Regeneration          Chrm/Necr      #.........   100%        3    ####...
e - Animate Skeleton      Necr           N/A          97%         1    ##.....


Dungeon Overview and Level Annotations

Branches:
Dungeon (15/15)            Temple (0/1) D:4            Lair (6/6) D:11
  Swamp (2/4) Lair:3        Snake (0/4) Lair:2        Slime (0/5) Lair:6
    Orc (0/2) D:10         Vaults (0/5) D:14         Depths (0/5) D:15

Altars:
Ashenzari
Cheibriados
Dithmenos
Gozag
Hepliaklqana
Kikubaaqudgha
Okawaru
Ru
Trog
Zin

Shops:
D:11 (


Innate Abilities, Weirdness & Mutations

You reflexively headbutt those who attack you in melee.
You have a pair of horns on your head.


Message History

The alligator tail-slaps you but does no damage.
You enter the shallow water.
Moving in this stuff is going to be slow.
The alligator bites you but does no damage.
You block the alligator's attack. x2; The alligator tail-slaps you.
The alligator barely misses you. You furiously retaliate!
You headbutt the alligator.
The alligator tail-slaps you but does no damage.
You enter the shallow water.
Moving in this stuff is going to be slow.
You block the alligator's attack.
The alligator tail-slaps you but does no damage.
The alligator bites you. You block the alligator's attack. x2
The alligator tail-slaps you. The alligator bites you!
* * * LOW HITPOINT WARNING * * *
The alligator tail-slaps you but does no damage.
The alligator bites you!
* * * LOW HITPOINT WARNING * * *
The alligator tail-slaps you!
You die...

.♣ ♣♣..≈..♣♣ ♣♣
♣..♣≈.♣♣ ♣♣
♣♣♣≈≈....♣
.♣♣♣♣...♣≈≈≈.♣♣
≈≈...♣♣♣♣.≈♣..♣
.≈≈.♣...♣.....♣♣
.≈≈.≈≈≈....≈.♣.♣♣
.≈≈≈
.≈≈≈..≈.♣.≈≈≈..§♣♣
.≈≈.
≈≈≈≈.♣.♣♣♣≈≈≈≈♣≈@♣♣♣
.♣≈.. ≈...♣♣♣♣
♣..≈≈§.≈t.♣♣ §....
≈♣.♣♣
♣♣..≈§.≈t≈≈♣♣♣.§.≈≈.
♣.♣♣
♣♣....≈≈≈...♣.≈§≈≈.
♣♣♣..≈≈≈♣..†≈≈.≈≈.
♣♣...≈≈..)....≈≈
♣♣♣.≈≈..)..≈≈.>
♣♣♣♣.....≈..♣
♣♣♣♣♣♣..♣♣


You could see 2 alligators.

Vanquished Creatures
  Erolcha (D:9)
  A catoblepas (Lair:6)
  2 ice dragons (D:15)
  12 hydras
  3 centaur warriors
  An ogre mage (D:14)
  4 death yaks (Lair:6)
  10 two-headed ogres
  A tengu warrior (D:15)
  A deep troll shaman (Lair:6)
  3 spriggans
  A spriggan druid (Swamp:2)
  2 swamp dragons
  2 wizards
  5 unseen horrors
  A shambling mangrove (Swamp:1)
  An orc knight (D:14)
  A lindwurm (Lair:6)
  2 deep elf magi
  A wolf spider zombie (D:15)
  A harpy (shapeshifter) (D:14)
  11 ugly things
  3 cyclopes
  2 centaur zombies (D:13)
  11 elephants
  Maurice (D:8)
  3 manticores
  6 black mambas
  5 gargoyles
  A torpor snail (Lair:6)
  2 rime drakes
  13 spiny frogs
  5 komodo dragons
  A kobold demonologist (D:15)
  A meliai (shapeshifter) (D:15)
  7 trolls
  3 polar bears (Lair:6)
  A tengu conjurer (D:15)
  Grinder (D:6)
  3 meliai (D:15)
  5 blink frogs (Lair:5)
  Prince Ribbit (D:6)
  A tyrant leech (Swamp:1)
  6 hornets
  2 bog bodies
  11 dream sheep
  15 hippogriffs
  4 wyverns
  A shadow (D:15)
  2 vampires
  A wraith (D:10)
  62 yaks
  4 hungry ghosts
  5 basilisks
  A steam dragon (D:9)
  2 vampire mosquitoes (D:15)
  6 swamp worms
  A two-headed ogre zombie (D:10)
  13 water moccasins
  3 acid dragons
  12 porcupines
  3 eyes of draining
  9 orc warriors
  6 sky beasts
  3 swamp drakes (Swamp:1)
  3 ice beasts
  A black bear (Lair:6)
  3 necrophages
  3 phantoms (D:10)
  12 ogres
  19 wolves
  2 boggarts
  24 centaurs
  17 crocodiles
  10 big kobolds
  Blork the orc (D:6)
  14 bullfrogs
  2 wyvern zombies
  6 scorpions
  A troll zombie (D:10)
  22 killer bees
  4 wights (D:12)
  5 howler monkeys
  An electric eel (Lair:2)
  8 hounds
  2 quasits
  4 bullfrog zombies
  7 crimson imps
  A jelly (D:15)
  8 orc priests
  3 bullfrog skeletons
  5 iguanas
  Terence (D:3)
  Natasha (thrice) (D:2)
  15 orc wizards
  12 worker ants
  6 ogre zombies (D:10)
  A hound zombie (D:10)
  A howler monkey zombie (D:10)
  Robin (D:2)
  13 adders
  12 gnolls
  2 shadow imps
  An adder skeleton (D:4)
  2 worms
  3 dart slugs
  2 leopard geckos
  37 orcs
  3 giant cockroaches
  7 hobgoblins
  9 jackals
  25 kobolds
  5 quokkas
  7 bats
  4 frilled lizards
  17 goblins
  2 goblin skeletons (D:10)
  3 goblin zombies (D:10)
  6 hobgoblin zombies (D:10)
  A jackal skeleton (D:6)
  2 orc skeletons (D:10)
  12 orc zombies (D:10)
  7 rats
  A bush (D:11)
  A fungus (Lair:6)
  4 plants
731 creatures vanquished.

Vanquished Creatures (others)
  An orc warrior (D:14)
  4 centaurs
  3 orcs
  A kobold (D:14)
  4 fungi
  4 plants
17 creatures vanquished.

Grand Total: 748 creatures vanquished

Notes
Turn   | Place    | Note
-------+----------+-------------------------------------------
     0 | D:1      | equalderp2856 the Minotaur Fighter began the quest for the Orb.
     0 | D:1      | Reached XP level 1. HP: 19/19 MP: 0/0
   177 | D:1      | Reached XP level 2. HP: 24/27 MP: 1/1
   647 | D:2      | Noticed Robin
   651 | D:2      | Reached XP level 3. HP: 31/33 MP: 2/2
   667 | D:2      | Killed Robin
   723 | D:2      | Noticed Natasha
   732 | D:2      | Killed Natasha
   732 | D:2      | Reached XP level 4. HP: 12/40 MP: 3/3
  1077 | D:2      | Noticed Natasha
  1082 | D:2      | Killed Natasha
  1388 | D:2      | Noticed Natasha
  1394 | D:2      | Killed Natasha
  1394 | D:2      | Reached skill level 5 in Armour
  1394 | D:2      | Reached skill level 1 in Dodging
  1394 | D:2      | Reached XP level 5. HP: 45/46 MP: 4/4
  1576 | D:3      | Noticed Terence
  1590 | D:3      | Killed Terence
  1925 | D:3      | Found a sacrificial altar of Ru.
  2226 | D:4      | Found a staircase to the Ecumenical Temple.
  2295 | D:4      | Reached XP level 6. HP: 32/53 MP: 5/5
  2621 | D:4      | Found an iron altar of Okawaru.
  2629 | D:4      | Reached skill level 5 in Shields
  2673 | D:4      | Reached skill level 5 in Axes
  2695 | D:4      | Noticed a hippogriff
  2703 | D:4      | Killed a hippogriff
  2953 | D:4      | Found an ancient bone altar of Kikubaaqudgha.
  3062 | D:4      | Reached XP level 7. HP: 56/60 MP: 6/6
  3327 | D:5      | Entered Level 5 of the Dungeon
  3451 | D:5      | Reached skill level 5 in Fighting
  3681 | D:5      | Learned a level 1 spell: Confusing Touch
  3683 | D:5      | Learned a level 1 spell: Summon Small Mammal
  4416 | D:5      | Reached XP level 8. HP: 57/68 MP: 7/7
  4689 | D:6      | Found a glowing silver altar of Zin.
  4706 | D:6      | Noticed Blork the orc
  4887 | D:6      | Killed Blork the orc
  5071 | D:6      | Noticed Prince Ribbit
  5086 | D:6      | Reached XP level 9. HP: 69/75 MP: 8/8
  5101 | D:6      | Killed Prince Ribbit
  5441 | D:6      | Noticed Grinder
  5465 | D:6      | Killed Grinder
  5770 | D:7      | Reached skill level 10 in Axes
  5774 | D:7      | Found a shattered altar of Ashenzari.
  5879 | D:7      | Found a shadowy altar of Dithmenos.
  6232 | D:8      | Reached skill level 1 in Spellcasting
  6350 | D:8      | Noticed Maurice
  6382 | D:8      | Killed Maurice
  6382 | D:8      | Reached skill level 1 in Hexes
  6452 | D:8      | Found a hazy altar of Hepliaklqana.
  6723 | D:8      | Reached XP level 10. HP: 73/83 MP: 11/11
  6767 | D:8      | Found a snail-covered altar of Cheibriados.
  7225 | D:9      | Found an opulent altar of Gozag.
  7324 | D:9      | Noticed Erolcha
  7350 | D:9      | Killed Erolcha
  7923 | D:9      | Found a bloodstained altar of Trog.
  8274 | D:9      | Noticed a two-headed hydra
  8290 | D:9      | Killed a two-headed hydra
  8290 | D:9      | Reached skill level 1 in Polearms
  8303 | D:9      | Got an ancient halberd
  8435 | D:10     | Entered Level 10 of the Dungeon
  8826 | D:10     | Reached XP level 11. HP: 76/92 MP: 14/14
  9028 | D:10     | Found a staircase to the Orcish Mines.
  9743 | D:10     | Reached skill level 10 in Shields
 10787 | D:10     | Noticed a two-headed ogre
 10797 | D:10     | Killed a two-headed ogre
 10950 | D:11     | Found Xudaor's Antique Weapon Emporium.
 11188 | D:11     | Found a staircase to the Lair.
 12113 | Lair:1   | Entered Level 1 of the Lair of Beasts
 12135 | Lair:1   | Identified the Volume of Feathers and the Arsonist
 12216 | Lair:1   | Noticed a four-headed hydra
 12235 | Lair:1   | Killed a four-headed hydra
 12235 | Lair:1   | Reached XP level 12. HP: 60/102 MP: 17/17
 12726 | Lair:1   | Noticed a six-headed hydra
 12752 | Lair:1   | Killed a six-headed hydra
 12752 | Lair:1   | Reached skill level 10 in Armour
 13236 | Lair:1   | Got a dazzling cloak
 13248 | Lair:1   | Identified the +3 cloak "Xexunko" {-Cast rPois rF++ Int+3} (You found it on level 1 of the Lair of Beasts)
 13462 | Lair:1   | Noticed an eight-headed hydra
 13477 | Lair:1   | Killed an eight-headed hydra
 16404 | D:10     | Noticed a two-headed ogre
 16412 | D:10     | Killed a two-headed ogre
 16718 | D:12     | Reached skill level 1 in Evocations
 17947 | D:12     | Noticed a two-headed ogre
 17962 | D:12     | Killed a two-headed ogre
 18420 | D:13     | Reached XP level 13. HP: 107/112 MP: 18/18
 19441 | D:14     | Reached skill level 10 in Fighting
 21520 | D:14     | Found a gate to the Vaults.
 23064 | D:14     | Got a smoking rapier
 23067 | D:14     | Identified the +4 rapier "Zag Xaeb" {venom, Dex+4} (You found it on level 14 of the Dungeon)
 23250 | D:15     | Entered Level 15 of the Dungeon
 23412 | D:15     | Reached skill level 15 in Axes
 24840 | D:15     | Reached XP level 14. HP: 92/124 MP: 19/19
 25857 | D:15     | Found a staircase to the Depths.
 29605 | Lair:1   | Learned a level 1 spell: Corona
 29609 | Lair:1   | Learned a level 3 spell: Regeneration
 29611 | Lair:1   | Learned a level 1 spell: Animate Skeleton
 29932 | Lair:2   | Found a staircase to the Snake Pit.
 30913 | Lair:3   | Found a staircase to the Swamp.
 31154 | Lair:3   | Reached skill level 15 in Shields
 31597 | Lair:4   | Reached skill level 1 in Stealth
 31608 | Lair:4   | Reached skill level 5 in Polearms
 33040 | Lair:5   | You fall through a shaft!
 33040 | Lair:6   | Entered Level 6 of the Lair of Beasts
 33214 | Lair:6   | Reached XP level 15. HP: 111/133 MP: 20/20
 33960 | Lair:6   | Found a staircase to the Slime Pits.
 36194 | Lair:6   | Got a faintly glowing leather armour
 36240 | Lair:6   | Identified the +1 leather armour of Unetabri {rElec rC++ MR+} (You found it on level 6 of the Lair of Beasts)
 37534 | Swamp:1  | Entered Level 1 of the Swamp
 37770 | Swamp:1  | Reached skill level 5 in Dodging
 39116 | Swamp:2  | Paralysed by a hornet for 2 turns
 39685 | Swamp:2  | Slain by an alligator

Skill      XL: |  1  2  3  4  5  6  7  8  9 10 11 12 13 14 15 |
---------------+----------------------------------------------+-----
Armour         | 4 5 6 7 8 9 10 12 13 | 13.7
Shields        | 4 5 6 7 8 9 10 12 14 15 16 | 16.6
Fighting       | 4 5 6 7 8 9 11 12 | 12.9
Axes           | 3 4 5 7 9 10 12 13 14 15 16 | 16.9
Dodging        | 1 2 3 4 5 |  5.0
Spellcasting   | 1 2 4 |  4.3
Hexes          | 1 2 4 |  4.2
Polearms       | 2 4 5 6 |  6.1
Evocations     | 1 |  1.5
Stealth        | 1 3 |  3.0

Action                   |  1- 3 |  4- 6 |  7- 9 | 10-12 | 13-15 || total
-------------------------+-------+-------+-------+-------+-------++-------
Melee: War axe           |    53 |   106 |   267 |  1042 |  1454 ||  2922
       Headbutt          |     8 |    25 |    40 |   313 |   397 ||   783
       Trident           |       |       |       |   117 |    94 ||   211
       Rapier            |       |       |       |       |    93 ||    93
 Cast: Confusing Touch   |       |       |       |       |     1 ||     1
 Abil: Evoke Ratskin     |       |       |       |     5 |       ||     5
Evoke: Wand              |       |       |     2 |     2 |     6 ||    10
  Use: Scroll            |       |     1 |     3 |    10 |    16 ||    30
       Potion            |       |       |       |     4 |     6 ||    10
 Stab: Paralysed         |       |       |       |       |    10 ||    10
       Petrified         |       |       |       |       |     9 ||     9
       Petrifying        |       |       |       |       |     2 ||     2
  Eat: Chunk             |       |     7 |    10 |    33 |    48 ||    98
       Fruit             |       |       |     1 |     6 |     7 ||    14
       Royal jelly       |       |       |       |     3 |     6 ||     9
       Bread ration      |       |       |       |       |     1 ||     1
Armor: Scale mail        |    29 |    21 |       |       |       ||    50
       Chain mail        |       |    38 |   101 |       |       ||   139
       Plate armour      |       |       |       |   649 |  1062 ||  1711
       Robe              |       |       |       |       |     3 ||     3
       Leather armour    |       |       |       |       |    21 ||    21
Dodge: Dodged            |    20 |    29 |    77 |   221 |   401 ||   748
Block: Shield            |    34 |    59 |   168 |   907 |  1574 ||  2742
       Reflection        |       |       |     6 |    39 |    39 ||    84
